 Dungeon Crawl Stone Soup version 0.27-a0-1374-gc14e5d3922 (webtiles) character file.

Game seed: 4672386252590662276

221 Lentor the Chopper (level 5, 0/48 HPs)
             Began as a Minotaur Berserker on June 29, 2021.
             Was a Believer of Trog.
             Slain by an ogre (26 damage)
             ... on level 4 of the Dungeon.
             The game lasted 00:03:51 (3921 turns).

Lentor the Chopper (Minotaur Berserker)             Turns: 3921, Time: 00:03:51

Health: 0/48       AC:  9    Str: 23    XL:     5   Next: 65%
Magic:  4/4        EV:  8    Int:  4    God:    Trog [**....]
Gold:   93         SH:  0    Dex:  9    Spells: 4/4 levels left

rFire    . . .     SeeInvis .   a - +0 hand axe
rCold    + . .     Faith    .   (no shield)
rNeg     . . .     Spirit   .   g - +0 chain mail
rPois    .         Reflect  .   (helmet restricted)
rElec    .         Harm     .   (no cloak)
rCorr    .         Rampage  .   (no gloves)
Will     .....                  (no boots)
Stlth    ..........             (no amulet)
HPRegen  0.16/turn              i - ring of protection from cold
MPRegen  0.09/turn              (no ring)

@: no status effects
A: horns 2, retaliatory headbutt
a: Renounce Religion, Berserk, Trog's Hand


You were on level 4 of the Dungeon.
You worshipped Trog.
Trog was pleased with you.
You visited 1 branch of the dungeon, and saw 4 of its levels.

You collected 93 gold pieces.

Inventory:

Hand Weapons
 a - a +0 hand axe (weapon)
Missiles
 d - 54 stones
Armour
 g - a +0 chain mail (worn)
Jewellery
 i - a ring of protection from cold (left hand)
Scrolls
 e - 2 scrolls of acquirement {unknown}
 f - 2 scrolls of enchant weapon {unknown}
 h - 2 scrolls of amnesia {unknown}
 j - a scroll of fear {unknown}
 k - a scroll of identify {unknown}
Potions
 b - 2 potions of lignification {unknown}
 c - 2 potions of curing {unknown}
 l - a potion of might {unknown}


   Skills:
 + Level 5.2 Fighting
 + Level 6.0 Axes
 + Level 2.9 Armour
 + Level 3.1 Dodging


You had 4 spell levels left.
You didn't know any spells.
Your spell library was empty.

Dungeon Overview and Level Annotations

Branches:
Dungeon (4/15)
 Temple: D:4-7

Altars:
Cheibriados
Lugonu

Portals:
Abyss: D:3
Ossuary: D:4


Innate Abilities, Weirdness & Mutations

You have a pair of horns on your head.
You reflexively headbutt those who attack you in melee.


Message History

The rat is heavily wounded.
The rat bites you.
You slash the rat!
You kill the rat!
Trog accepts your kill.
No target in view!
Found a stone staircase leading down.
You now have 90 gold pieces (gained 12).
There is a stone staircase leading down here.
h - 2 scrolls labelled LANI UFAHYFAKH (gained 1)
You now have 93 gold pieces (gained 3).
Done exploring.
Done exploring.
(D) Dungeon
Where to? (Enter - D:3, ? - help)
What level of the Dungeon? (default 1, ? - help)
There is a stone staircase leading down here.
You climb downwards.
You hear the hiss of flowing sand.
There is an entrance to an ossuary on this level.
Hurry and find it before the portal is buried!
There is a stone staircase leading up here.
A kobold comes into view.
It is wielding a +2 short sword of electrocution.
The kobold shouts!
You hear a shout!
An ogre comes into view. It is wielding a +0 giant spiked club.
Found a sand-covered staircase.
You barely miss the kobold. You hit the kobold.
You kill the kobold!
Trog accepts your kill. The ogre barely misses you. You furiously retaliate!
You headbutt the ogre. You hit the ogre but do no damage.
Your headbutt misses the ogre.
The ogre is lightly wounded.
You hit the ogre. You headbutt the ogre!
The ogre is severely wounded.
The ogre hits you with a +0 giant spiked club!!
You hit the ogre but do no damage.
The ogre is severely wounded.
The ogre hits you with a +0 giant spiked club!!
Ouch! That really hurt!
You die...

......# .....#
.....# ....# ....#
#...###..
##.#######O..∩...∩
.......<..@..#
...#######...#
#...# #...# #...#
#...# #...# #...#


You could see an ogre.

Vanquished Creatures
  An ice beast (D:3)
  4 gnolls
  2 adders (D:2)
  A worm (D:3)
  2 dart slugs (D:1)
  3 ball pythons
  2 bats
  6 endoplasms
  4 giant cockroaches
  4 goblins
  5 hobgoblins
  4 jackals (D:2)
  10 kobolds
  3 quokkas
  4 frilled lizards
  5 rats
60 creatures vanquished.

Notes
Turn   | Place    | Note
-------+----------+-------------------------------------------
     0 | D:1      | Lentor the Minotaur Berserker began the quest for the Orb.
     0 | D:1      | Reached XP level 1. HP: 19/19 MP: 0/0
    78 | D:1      | Reached skill level 4 in Axes
    78 | D:1      | Reached XP level 2. HP: 7/27 MP: 1/1
   876 | D:1      | Reached XP level 3. HP: 32/33 MP: 2/2
  1375 | D:2      | Reached ** piety under Trog
  1597 | D:2      | Reached XP level 4. HP: 32/41 MP: 3/3
  2111 | D:2      | Reached skill level 5 in Axes
  2452 | D:3      | Found a one-way gate to the infinite horrors of the Abyss.
  2648 | D:3      | Found a large runed translucent door.
  2648 | D:3      | Found a large runed translucent door.
  2649 | D:3      | Found a corrupted altar of Lugonu.
  2910 | D:3      | Found a faded altar of an unknown god.
  3104 | D:3      | Noticed an ice beast
  3111 | D:3      | Killed an ice beast
  3112 | D:3      | Reached skill level 5 in Fighting
  3112 | D:3      | Reached XP level 5. HP: 16/48 MP: 4/4
  3427 | D:3      | Found a snail-covered altar of Cheibriados.
  3490 | D:3      | Reached skill level 6 in Axes
  3914 | D:4      | Noticed an ogre
  3915 | D:4      | Found a sand-covered staircase.
  3921 | D:4      | Slain by an ogre

Illustrated notes

Levels and vault maps discovered:
D:1:      minmay_arrival_pointy, layout_basic
D:2:      layout_basic, minmay_misc_feat_columns, kennysheep_another_room,
          lightli_corner_chamber
D:3:      due_chaos_kobolds, layout_loops_corners, overflow_temple_1_default,
          hellmonk_ecumenical_altar_lost_god
D:4:      layout_loops_ring, chequers_ossuary_entry_cave

Skill      XL: |  1  2  3  4  5 |
---------------+----------------+-----
Axes           | 4 5 6 |  6.0
Fighting       | 4 5 |  5.2
Dodging        | 3 |  3.1
Armour         | |  2.9

Action                   |  1- 3 |  4- 6 || total
-------------------------+-------+-------++-------
Melee: Hand axe          |    59 |    65 ||   124
       Headbutt          |     8 |    12 ||    20
Invok: Berserk           |     2 |       ||     2
 Stab: Sleeping          |     1 |       ||     1
Armor: Animal skin       |     8 |     3 ||    11
       Chain mail        |       |    20 ||    20
Dodge: Dodged            |    32 |    13 ||    45

Table legend: (Time is in decaauts)
 A = Elapsed time spent in this place.
 B = Non-inter-level travel time spent in this place.
 C = Inter-level travel time spent in this place.
 D = Time resting spent in this place.
 E = Time spent auto-exploring this place.
 F = Levels seen in this place.
 G = Mean time per level.
                   A        B        C        D        E       F      G
               +--------+--------+--------+--------+--------+-----+--------+
         Total |   3949 |   3863 |     86 |    563 |   2971 |   4 |  987.2 |
       Dungeon |   3949 |   3863 |     86 |    563 |   2971 |   4 |  987.2 |
               +--------+--------+--------+--------+--------+-----+--------+

Top non-repeatable levels by time:
     D:3: 1485 daAuts
     D:1: 1374 daAuts
     D:2: 1080 daAuts
     D:4: 8 daAuts
